 Dungeon Crawl Stone Soup version 0.29-a0-392-g297d3b089c (webtiles) character file.

Game seed: 6285821780990116564

2 sssmoke the Firebug (level 1, 14/14 HPs)
             Began as a Draconian Fire Elementalist on May 8, 2022.
             Quit the game on level 1 of the Dungeon.
             The game lasted 00:03:14 (126 turns).

sssmoke the Firebug (Draconian Fire Elementalist)    Turns: 126, Time: 00:03:15

Health: 14/14      AC:  4    Str: 10    XL:     1   Next: 33%
Magic:  3/3        EV: 12    Int: 15    God:
Gold:   0          SH:  0    Dex: 11    Spells: 3/4 levels left

rFire   . . .      SeeInvis .   (no weapon)
rCold   . . .      Faith    .   (no shield)
rNeg    . . .      Spirit   .   (body armour unavailable)
rPois   .          Reflect  .   (helmet restricted)
rElec   .          Harm     .   (no cloak)
rCorr   .          Rampage  .   (no gloves)
Will    .....                   (no boots)
Stlth   ++........              (no amulet)
HPRegen 0.04/turn               (no ring)
MPRegen 0.08/turn               (no ring)

@: no status effects
A: AC +4, unfitting armour, cold-blooded
a: no special abilities


You were on level 1 of the Dungeon.
You visited 1 branch of the dungeon, and saw 1 of its levels.

Inventory:

Potions
 a - a potion of magic


   Skills:
 + Level 1.7 Dodging
 + Level 1.7 Stealth
 + Level 2.2 Spellcasting
 + Level 1.0 Conjurations
 + Level 3.0 Fire Magic


You had 3 spell levels left.
You knew the following spells:

 Your Spells              Type           Power      Damage    Failure   Level
a - Foxfire               Conj/Fire      28%        2x1d5     10%         1

Your spell library contained the following spells:

 Spells                   Type           Power      Damage    Failure   Level
 Scorch                   Fire           20%        2d6       10%         2
 Conjure Flame            Conj/Fire      7%         6-21      28%         3
 Inner Flame              Hex/Fire       6%         N/A       34%         3
 Flame Wave               Conj/Fire      7%         2d5       67%         4


Dungeon Overview and Level Annotations

Branches:
Dungeon (1/15)

Altars:


Innate Abilities, Weirdness & Mutations

Your plain brown scales are hard. (AC +4)
You cannot fit into any form of body armour.
You are cold-blooded and may be slowed by cold attacks.


Message History

There is an open door here.
As you open the door, it creaks loudly!
There is an open door here.
Sorry, I don't know how to traverse that place.
Found 12 stones.
Sorry, I don't know how to get there.
Sorry, I don't know how to get there.
Why would you want to do that?
Sorry, I don't know how to get there.
Sorry, I don't know how to get there.
Sorry, I don't know how to get there.
Sorry, I don't know how to get there.
Why would you want to do that? Why would you want to do that?
Why would you want to do that?
You see here 12 stones.
You open the door.
There is an open door here.
A hobgoblin comes into view.
You conjure some foxfire!
The foxfire hits the hobgoblin but does no damage.
The hobgoblin shouts!
The foxfire hits the hobgoblin.
The hobgoblin is severely wounded.
You conjure some foxfire!
The foxfire hits the hobgoblin.
You kill the hobgoblin!
An endoplasm comes into view.
You conjure some foxfire!
The foxfire hits the endoplasm.
The endoplasm is almost dead.
Your foxfire dissipates!
You are too depleted to draw on your mana recklessly!
The endoplasm hits you but does no damage.
You hit the endoplasm but do no damage.
The endoplasm is almost dead.
The endoplasm hits you but does no damage.
You hit the endoplasm.
You kill the endoplasm!
Are you sure you want to abandon this character and quit the game? (Confirm with "yes".)

## #### .# #.... .. #
.... .#.#
#########..##.#.# #
#..≈....##......# ..
#.#######.##.....#.##
##...≈.##.##........
##.#####..#.#@##.#.##
#.## .##.#.#....# #.#
###.#.#.#.####.## #.#
#<'.#.#.#........ #.#
###.'.#.#..######
#.##.≈.##.#('..#
##.#####.##.#..#
##.....##.##..#
#######.# ..##


There were no monsters in sight!

Vanquished Creatures
  An endoplasm (D:1)
  A hobgoblin (D:1)
2 creatures vanquished.

Vanquished Creatures (others)
  4 foxfires (D:1)
4 creatures vanquished.

Grand Total: 6 creatures vanquished

Notes
Turn   | Place    | Note
-------+----------+-------------------------------------------
     0 | D:1      | sssmoke the Draconian Fire Elementalist began the quest for
                  | the Orb.
     0 | D:1      | Reached XP level 1. HP: 14/14 MP: 3/3
   126 | D:1      | Quit the game

Illustrated notes

Levels and vault maps discovered:
D:1:      evilmike_arrival_rings, layout_loops_corners, serial_shops, shop

Action                   || total
-------------------------++-------
Melee: Unarmed           ||     2
 Cast: Foxfire           ||     3
Armor: Skin              ||     2

Table legend: (Time is in decaauts)
 A = Elapsed time spent in this place.
 B = Non-inter-level travel time spent in this place.
 C = Inter-level travel time spent in this place.
 D = Time resting spent in this place.
 E = Time spent auto-exploring this place.
 F = Levels seen in this place.
 G = Mean time per level.
                   A        B        C        D        E       F      G
               +--------+--------+--------+--------+--------+-----+--------+
         Total |    126 |     61 |     65 |      0 |      0 |   1 |  126.0 |
       Dungeon |    126 |     61 |     65 |      0 |      0 |   1 |  126.0 |
               +--------+--------+--------+--------+--------+-----+--------+

Top non-repeatable levels by time:
     D:1: 126 daAuts
